 Dungeon Crawl Stone Soup version 0.29-a0-617-g7a6b98fccd (webtiles) character file.

Game seed: 13227897289277512276

175215 DocClef the Warrior (level 18, -27/129 HPs)
             Began as a Tengu Fighter on June 17, 2022.
             Was the Champion of Okawaru.
             Killed from afar by a deep elf annihilator (47 damage)
             ... with a crystal spear
             ... on level 3 of the Elven Halls.
             The game lasted 01:02:21 (32143 turns).

DocClef the Warrior (Tengu Fighter)                Turns: 32143, Time: 01:02:23

Health: -27/129    AC: 17    Str: 19    XL:     18   Next: 9%
Magic:  0/31       EV: 35    Int:  8    God:    Okawaru [******]
Gold:   4973       SH:  8    Dex: 22    Spells: 17/17 levels left

rFire   + . .      SeeInvis .   G - +9 scimitar "Bear" {venom, rF+ Dex+2}
rCold   . . .      Faith    .   c - +1 buckler {AC+3}
rNeg    . . .      Spirit   +   W - +4 moon troll leather armour {Spirit, Regen++ MP+5}
rPois   .          Reflect  .   (helmet restricted)
rElec   .          Harm     .   L - +2 cloak {Will+}
rCorr   +          Rampage  .   N - +0 pair of gloves
Will    +++..                   (boots unavailable)
Stlth   ++........              K - amulet of magic regeneration
HPRegen 1.91/turn               P - +4 ring of evasion
MPRegen 0.62/turn               Z - ring of Matsy {Will+ rCorr}

@: lethally poisoned (-27 -> -29), flying quickly and evasively, quick
A: beak, talons 3, nimble flight, subdued magic 1
a: Renounce Religion, Heroism, Finesse, Duel


You were on level 3 of the Elven Halls.
You worshipped Okawaru.
Okawaru was exalted by your worship.
You visited 6 branches of the dungeon, and saw 28 of its levels.
You also visited: Sewer, Bailey, Ice Cave and Volcano.

You collected 4973 gold pieces.

Inventory:

Hand Weapons
 G - the +9 scimitar "Bear" (weapon) {venom, rF+ Dex+2}
   (Okawaru gifted it to you on level 8 of the Dungeon)

   It poisons the flesh of those it strikes.
   Dex:       It affects your dexterity (+2).
   rF:        It protects you from fire.
 R - a +4 scimitar of flaming
Missiles
 j - 7 datura-tipped darts (quivered)
 B - 13 curare-tipped darts
 D - 2 throwing nets
Armour
 c - a +1 buckler of protection (worn)
 g - the +4 skin of Zhor {*Englaciate rC+++ SInv}
   (You found it in an ice cave)

   It radiates cold, occasionally slowing all nearby creatures who are not
   resistant to cold.
   rC:        It renders you almost immune to cold.
   SInv:      It lets you see invisible.
 L - a +2 cloak of willpower (worn)
 N - a +0 pair of gloves (worn)
 W - the +4 moon troll leather armour (worn) {Spirit, Regen++ MP+5}
   (You found it on level 14 of the Dungeon)

   MP:        It affects your magic capacity (+5).
   Regen:     It increases your rate of health regeneration.
Jewellery
 f - a ring of magical power
 A - a ring of fire
 E - a ring of protection from fire
 F - a ring of resist corrosion
 K - an amulet of magic regeneration (around neck)
 M - a ring of poison resistance
 P - a +4 ring of evasion (left hand)
 Q - an amulet of regeneration
 U - a ring of see invisible
 Y - the ring of Neuc {Wiz Int+3}
   (You found it in an ice cave)

   [ring of wizardry]

   It improves your spell success rate.
   Int:       It affects your intelligence (+3).
 Z - the ring of Matsy (right hand) {Will+ rCorr}
   (You found it in an ice cave)

   [ring of willpower]

   rCorr:     It protects you from acid and corrosion.
   Will:      It increases your willpower.
Wands
 a - a wand of digging (7)
 t - a wand of iceblast (23)
 y - a wand of flame (35)
 C - a wand of paralysis (13)
 H - a wand of polymorph (8)
 J - a wand of quicksilver (10)
 O - a wand of mindburst (12)
Scrolls
 b - 5 scrolls of enchant armour
 e - 2 scrolls of amnesia
 h - a scroll of silence
 o - 10 scrolls of teleportation
 p - 4 scrolls of brand weapon
 r - a scroll of fog
 z - 5 scrolls of enchant weapon
 I - 2 scrolls of magic mapping
 V - 2 scrolls of poison
 X - 6 scrolls of fear
Potions
 d - a potion of might
 i - 6 potions of mutation
 k - 3 potions of cancellation
 l - 2 potions of magic
 m - 8 potions of curing
 n - a potion of invisibility
 q - 9 potions of haste
 s - a potion of resistance
 u - 3 potions of berserk rage
 v - 3 potions of lignification
 w - 6 potions of brilliance
 x - 4 potions of ambrosia
 S - 5 potions of heal wounds
Miscellaneous
 T - a condenser vane


   Skills:
 + Level 19.8 Fighting
 - Level 14.0 Long Blades
 - Level 10.2 Armour
 - Level 18.1 Dodging
 - Level 6.8 Shields
 + Level 10.2 Invocations


You had 17 spell levels left.
You didn't know any spells.
Your spell library contained the following spells:

 Spells                   Type           Power      Damage    Failure   Level
 Sandblast                Erth           0%         2d4       50%         1
 Passwall                 Tmut/Erth      0%         N/A       63%         2
 Sublimation of Blood     Necr           0%         N/A       63%         2
 Wereblood                Tmut           0%         N/A       63%         2
 Ozocubu's Armour         Ice            0%         N/A       86%         3
 Portal Projectile        Hex/Tloc       0%         N/A       86%         3
 Stone Arrow              Conj/Erth      0%         3d7       86%         3
 Corpse Rot               Necr/Pois/Air  0%         N/A       99%         4
 Dispel Undead            Necr           0%         3d6       99%         4
 Leda's Liquefaction      Hex/Erth       0%         N/A       99%         4
 Metabolic Englaciation   Hex/Ice        0%         N/A       100%        5
 Call Canine Familiar     Summ           Unusable   N/A       N/A         3
 Death Channel            Necr           Unusable   N/A       N/A         6
 Simulacrum               Ice/Necr       Unusable   N/A       N/A         6
 Summon Hydra             Summ           Unusable   N/A       N/A         7

Dungeon Overview and Level Annotations

Branches:
Dungeon (15/15)            Temple (1/1) D:6            Lair (6/6) D:11
  Swamp (0/4) Lair:4       Spider (1/4) Lair:3        Slime (0/5) Lair:5
    Orc (2/2) D:11            Elf (3/3) Orc:2        Vaults (0/5) D:13
 Depths (0/4) D:15          Sewer (visited)          Bailey (visited)
  IceCv (visited)         Volcano (visited)

Altars:
Ashenzari
Cheibriados
Dithmenos
Elyvilon
Fedhas
Gozag
Hepliaklqana
Kikubaaqudgha
Makhleb
Nemelex Xobeh
Okawaru
Qazlal
Ru
Sif Muna
Trog
Uskayaw
Vehumet
Wu Jian
Xom
Yredelemnul
Zin
The Shining One
Beogh

Shops:
D:5 [   D:6 ?   Orc:2 **:?:   Elf:2 (   Elf:3 :=:

Annotations:
Elf:3 2 transporters, DocClef's ghost, adept DrFi


Innate Abilities, Weirdness & Mutations

You have a beak for a mouth.
You have claws for feet.
Your magical nature lets you fly swiftly and evasively.
Your spells are a little easier to cast, but a little less powerful.


Message History

You slash the deep elf annihilator!
You claw the deep elf annihilator, but do no damage.
The deep elf annihilator is severely wounded.
The deep elf annihilator casts a spell at you.
The poison arrow hits you!!!
You are poisoned.
* * * LOW HITPOINT WARNING * * *
You feel much better.
You feel very sick.
The deep elf elementalist hits you but does no damage.
The deep elf demonologist mumbles some strange words.
The deep elf annihilator mumbles some strange words.
The deep elf annihilator blinks!
The deep elf elementalist attacks as you move away!
You block the deep elf elementalist's attack.
You feel very sick.
The deep elf demonologist mumbles some strange words.
Things that are here:
a +0 dagger; a +0 scale mail Unknown command.
You hit the deep elf elementalist.
The deep elf elementalist is poisoned.
You claw the deep elf elementalist!
Your peck misses the deep elf elementalist.
The deep elf elementalist is moderately wounded.
You feel very sick.
The deep elf elementalist closely misses you.
You slice the deep elf elementalist!!
The deep elf elementalist looks as sick as possible!
You claw the deep elf elementalist.
Your peck misses the deep elf elementalist.
The deep elf elementalist is severely wounded.
You feel sick.
The deep elf demonologist casts a spell.
The blizzard demon waves its arms in wide circles.
The air twists around and strikes you!
* * * LOW HITPOINT WARNING * * *
The deep elf elementalist closely misses you.
The deep elf annihilator casts a spell at you.
The crystal spear hits you!!!
You die...

#.##.^..##
##...## ##
##..'.....##
##.## .#
#..##...)..# #'#
## ########..##
### # #≈≈# ####
#≈≈# .#.# #e≈#
...# #..# ...#
#@e# ...# #..#
..## #..# ..#
#..# ###
######4.###### #
#..e≈≈..≈≈...#
####
#...≈2..≈≈ee.#
##.#
.....≈3e.≈≈.....
...#
.#...≈≈..≈≈...##


You could see a deep elf annihilator (empowered, extremely poisoned), a blizzard
demon (summoned), a deep elf elementalist (fast, empowered, repels missiles,
extremely poisoned), a soul eater (summoned), a deep elf demonologist
(empowered) and an orange demon (summoned).

Vanquished Creatures
  Nikola (Elf:2)
  Rupert (D:14)
  Jorgrun (D:14)
  A deep elf sorcerer (Elf:1)
  A frost giant (D:14)
  An orc warlord (Orc:1)
  2 deep elf elementalists (Elf:3)
  A very ugly thing (D:14)
  A deep elf annihilator (Elf:1)
  A white draconian (IceCv)
  A yaktaur captain (D:14)
  An ice dragon (Lair:4)
  2 fire dragons (D:15)
  3 boulder beetles
  2 rakshasas (D:14)
  3 hydras
  11 two-headed ogres
  A death knight (D:14)
  2 catoblepae (Lair:6)
  A centaur warrior (D:14)
  4 tengu warriors
  An ogre mage (D:15)
  13 death yaks
  6 orc high priests (Orc:2)
  24 dancing weapons
  Nergalle (D:12)
  18 deep elf knights
  A skeletal warrior (D:12)
  A deep troll (D:14)
  17 deep elf archers
  A bog body (Lair:4)
  2 orc knights
  5 wizards
  3 lindwurms
  6 ugly things
  32 deep elf pyromancers
  28 deep elf zephyrmancers
  5 orc sorcerers
  2 manticores
  6 oklob plants
  4 cyclopes
  14 elephants
  A rust devil (D:12)
  3 ice statues
  2 molten gargoyles (Volcano)
  2 black mambas
  16 cane toads
  A smoke demon (D:12)
  A torpor snail (Lair:6)
  2 gargoyles
  A rime drake (shapeshifter) (Elf:2)
  9 rime drakes
  An unseen horror (D:12)
  6 komodo dragons
  2 hellwings (D:12)
  A yaktaur (D:14)
  3 efreet
  2 tengu conjurers (D:14)
  An ice devil (D:12)
  9 trolls
  7 polar bears
  A red devil (D:12)
  6 hornets
  10 dream sheep
  11 blink frogs
  12 spriggans (Lair:6)
  A vampire (D:12)
  6 water elementals
  Sigmund (D:5)
  2 shadows (D:12)
  A ynoxinul (D:12)
  3 wraiths
  79 yaks
  8 wyverns
  6 fire elementals
  2 air elementals (Elf:2)
  6 basilisks
  A golden eye (shapeshifter) (D:13)
  A steam dragon (D:8)
  2 fire bats
  A chaos spawn (D:12)
  3 swamp worms (Lair:4)
  8 wargs
  4 acid dragons
  A floating eye (Lair:1)
  16 water moccasins
  An ice beast (D:6)
  Pargi (Sewer)
  28 orc warriors
  5 black bears
  7 ogres
  5 boggarts
  30 wolves
  6 centaurs
  9 kobold brigands
  2 necrophages
  A scorpion (D:5)
  10 bullfrogs
  3 gnoll sergeants
  6 earth elementals
  8 wights
  12 killer bees
  2 lindwurm simulacra (IceCv)
  8 howler monkeys
  2 vampire bats (Lair:4)
  6 electric eels
  A lava snake (Lair:6)
  7 komodo dragon simulacra (IceCv)
  A hound (D:5)
  42 orc priests
  2 iguanas
  18 orc wizards
  15 gnolls
  5 adders
  2 river rats (D:5)
  4 acid dragon simulacra (IceCv)
  3 white imps
  2 ufetubi
  8 steam dragon simulacra (IceCv)
  2 worms
  8 dart slugs
  113 orcs
  11 ball pythons
  9 bats
  5 endoplasms
  3 giant cockroaches
  8 goblins
  11 hobgoblins
  6 jackals
  4 quokkas
  10 frilled lizards
  25 kobolds
  3 rats
  A fire vortex (Volcano)
975 creatures vanquished.

Vanquished Creatures (others)
  A dancing weapon (Elf:2)
  2 deep elf knights
  A moth of wrath (Elf:3)
  An electric eel (Elf:3)
  An orc (Orc:1)
  8 demonic plants (D:12)
  2 fire vortices (Volcano)
  19 fungi
  23 plants
58 creatures vanquished.

Grand Total: 1033 creatures vanquished

Notes
Turn   | Place    | Note
-------+----------+-------------------------------------------
     0 | D:1      | DocClef the Tengu Fighter began the quest for the Orb.
     0 | D:1      | Reached XP level 1. HP: 14/14 MP: 2/2
   314 | D:1      | Reached XP level 2. HP: 19/19 MP: 3/3
   565 | D:1      | Found a faded altar of an unknown god.
   924 | D:1      | Reached skill level 4 in Fighting
   991 | D:1      | Reached XP level 3. HP: 20/24 MP: 4/4
  1606 | D:2      | Identified the +2 spear of the Feeding Shrike {vorpal,
                  | rCorr Str+4 Int+4 Dex-3}
  2565 | D:3      | Reached XP level 4. HP: 29/30 MP: 5/5
  2570 | D:3      | Reached skill level 5 in Fighting
  3060 | D:3      | You fall into a shaft and drop 3 floors!
  3110 | D:6      | Noticed an ice beast
  3123 | D:6      | Killed an ice beast
  3124 | D:6      | Reached skill level 6 in Fighting
  3124 | D:6      | Gained mutation: Your magical nature lets you fly swiftly
                  | and evasively. [Tengu growth]
  3124 | D:6      | Reached XP level 5. HP: 11/37 MP: 6/6
  3388 | D:6      | Found a staircase to the Ecumenical Temple.
  3401 | D:6      | Noticed a kobold brigand
  3411 | Temple   | Entered the Ecumenical Temple
  3639 | Temple   | Became a worshipper of Warmaster Okawaru
  3757 | D:6      | Killed a kobold brigand
  3758 | D:6      | Reached XP level 6. HP: 20/42 MP: 7/7
  3980 | D:5      | Entered Level 5 of the Dungeon
  4254 | D:5      | Found Ihasaol's Armour Shoppe.
  4264 | D:5      | Reached skill level 7 in Fighting
  4455 | D:5      | Noticed Sigmund
  4461 | D:5      | Found a glowing drain.
  4471 | Sewer    | Entered a sewer
  4582 | Sewer    | Noticed Pargi
  4593 | Sewer    | Killed Pargi
  4594 | Sewer    | Reached XP level 7. HP: 45/48 MP: 8/8
  4796 | D:5      | Killed Sigmund
  4796 | D:5      | Reached * piety under Okawaru
  4797 | D:5      | Reached skill level 8 in Fighting
  4846 | D:5      | Reached skill level 9 in Fighting
  5047 | D:5      | Reached XP level 8. HP: 56/56 MP: 9/9
  5357 | D:5      | Reached ** piety under Okawaru
  5658 | D:4      | Reached skill level 10 in Fighting
  6778 | D:6      | Found Maklibocs's Magic Scroll Boutique.
  7078 | D:7      | Reached skill level 5 in Long Blades
  7078 | D:7      | Reached XP level 9. HP: 52/63 MP: 10/10
  7251 | D:7      | Reached *** piety under Okawaru
  7273 | D:7      | Reached skill level 11 in Fighting
  7575 | D:7      | Reached **** piety under Okawaru
  7931 | D:8      | Noticed a hornet
  7937 | D:8      | Killed a hornet
  8089 | D:8      | Noticed a death yak
  8093 | D:8      | Reached skill level 12 in Fighting
  8174 | D:8      | Found a flagged portal.
  8188 | Bailey   | Entered a bailey
  8249 | Bailey   | Reached XP level 10. HP: 68/70 MP: 11/11
  8434 | Bailey   | Found a bloodstained altar of Trog.
  8669 | D:8      | Reached ***** piety under Okawaru
  8690 | D:8      | Found a blossoming altar of Fedhas.
  8979 | D:8      | Reached skill level 13 in Fighting
  9042 | D:8      | Killed a death yak
  9043 | D:8      | Reached skill level 10 in Long Blades
  9362 | D:8      | Reached XP level 11. HP: 36/78 MP: 12/12
 10071 | D:9      | Reached ****** piety under Okawaru
 10233 | D:8      | Reached skill level 14 in Fighting
 10254 | D:8      | Identified the +9 scimitar "Bear" {venom, rF+ Dex+2}
                  | (Okawaru gifted it to you on level 8 of the Dungeon)
 10254 | D:8      | Received a gift from Okawaru
 10306 | D:8      | Identified a scroll of acquirement
 10306 | D:8      | Acquired 432 gold pieces
 10316 | D:9      | Reached skill level 1 in Dodging
 11001 | D:10     | Entered Level 10 of the Dungeon
 11019 | D:10     | Received a gift from Okawaru
 11081 | D:10     | HP: 2/80 [poisoned by a kobold]
 11180 | D:10     | Reached skill level 5 in Dodging
 11634 | D:10     | Reached XP level 12. HP: 75/85 MP: 13/13
 11791 | D:11     | Found a staircase to the Lair.
 11979 | D:11     | Received a gift from Okawaru
 12031 | D:11     | Noticed a two-headed ogre
 12039 | D:11     | Killed a two-headed ogre
 12214 | D:11     | Identified the +1 kite shield of Honour {*Corrode rC+++
                  | Will- Dex+5}
 12245 | D:11     | Found a staircase to the Orcish Mines.
 12576 | Lair:1   | Entered Level 1 of the Lair of Beasts
 12584 | Lair:1   | Paralysed by a floating eye for 2 turns
 12595 | Lair:1   | Paralysed by a floating eye for 2 turns
 12835 | Lair:1   | Reached skill level 1 in Invocations
 13780 | Lair:2   | Identified the +7 plate armour of Ennui {-Cast +Blink
                  | Regen+} (Okawaru gifted it to you on level 2 of the Lair of
                  | Beasts)
 13780 | Lair:2   | Received a gift from Okawaru
 13783 | Lair:2   | Identified the +0 ring mail "Ytiabb" {Str+3}
 13978 | Lair:3   | Reached XP level 13. HP: 22/90 MP: 17/17
 14024 | Lair:2   | Reached skill level 5 in Armour
 14150 | Lair:3   | Found a dark tunnel.
 14157 | Volcano  | Entered a volcano
 14228 | Volcano  | Reached skill level 5 in Invocations
 14543 | Lair:3   | Found a hole to the Spider Nest.
 14546 | Lair:3   | Identified the +3 scale mail "Woohyh" {Drain rN+ Str+2}
 15211 | Lair:4   | Found a frozen archway.
 15214 | Lair:4   | Noticed an ice dragon
 15255 | Lair:4   | Killed an ice dragon
 15278 | IceCv    | Entered an ice cave
 15598 | IceCv    | Noticed a white draconian
 15624 | IceCv    | Killed a white draconian
 15750 | IceCv    | Identified the ring of Neuc {Wiz Int+3}
 15752 | IceCv    | Identified the ring of Matsy {Will+ rCorr}
 15754 | IceCv    | Found the +4 skin of Zhor {*Englaciate rC+++ SInv}
 16164 | Lair:4   | Reached skill level 10 in Armour
 16173 | Lair:4   | Received a gift from Okawaru
 16259 | Lair:4   | Reached skill level 10 in Dodging
 16716 | Lair:4   | Reached XP level 14. HP: 77/96 MP: 20/20
 16745 | Lair:4   | Found a staircase to the Swamp.
 17157 | Spider:1 | Entered Level 1 of the Spider Nest
 17241 | Lair:5   | Found a staircase to the Slime Pits.
 17768 | Lair:5   | Found a hide-covered altar of Uskayaw.
 17768 | Lair:5   | Found an ornate altar of the Wu Jian Council.
 18373 | Lair:6   | Entered Level 6 of the Lair of Beasts
 19734 | Lair:6   | Identified the +2 plate armour of Cowardice {Contam Str+3
                  | Stlth+} (Okawaru gifted it to you on level 6 of the Lair of
                  | Beasts)
 19734 | Lair:6   | Received a gift from Okawaru
 19748 | Lair:6   | Reached skill level 15 in Fighting
 20462 | Lair:6   | Reached XP level 15. HP: 103/103 MP: 22/22
 21000 | Lair:6   | Reached skill level 16 in Fighting
 21226 | Lair:6   | Identified the +6 plate armour of the Ecumenical Temple
                  | {Harm Stlth+} (Okawaru gifted it to you on level 6 of the
                  | Lair of Beasts)
 21226 | Lair:6   | Received a gift from Okawaru
 22928 | D:12     | Noticed Nergalle
 22941 | D:12     | Killed Nergalle
 23545 | D:13     | Found a gate to the Vaults.
 24076 | D:13     | Found a sacrificial altar of Ru.
 24233 | D:13     | Acquired 1062 gold pieces
 24314 | D:14     | Noticed Rupert
 24330 | D:14     | Killed Rupert
 24330 | D:14     | Received a gift from Okawaru
 24620 | D:14     | Found the +4 moon troll leather armour {Spirit, Regen++
                  | MP+5}
 24655 | D:14     | Reached skill level 15 in Dodging
 24874 | D:14     | Reached skill level 17 in Fighting
 25291 | D:14     | Noticed Jorgrun
 25302 | D:14     | Killed Jorgrun
 25331 | D:14     | Noticed a frost giant
 25353 | D:14     | Reached XP level 16. HP: 98/111 MP: 20/23
 25361 | D:14     | Received a gift from Okawaru
 25505 | D:14     | Identified the +2 hand axe "Seot Ypoton" {antimagic, Str+3}
 25725 | D:15     | Entered Level 15 of the Dungeon
 25888 | D:15     | Reached skill level 5 in Shields
 25895 | D:15     | Found a staircase to the Depths.
 26213 | D:15     | Found a basalt altar of Yredelemnul.
 26371 | D:15     | Received a gift from Okawaru
 26790 | Orc:1    | Entered Level 1 of the Orcish Mines
 26953 | Orc:2    | Entered Level 2 of the Orcish Mines
 26978 | Orc:2    | Found a staircase to the Elven Halls.
 27049 | Orc:2    | Found Pirutesm's Book Shop.
 27750 | Orc:2    | Gained mutation: Your spells are a little easier to cast,
                  | but a little less powerful. [a neqoxec]
 27867 | Orc:2    | Found Jinaur's Magic Scroll Boutique.
 27867 | Orc:2    | Found Untiunk's Book Emporium.
 28038 | Orc:2    | Found Keczadd's Assorted Antiques.
 28038 | Orc:2    | Found Kiotset's Assorted Antiques.
 28347 | Elf:1    | Entered Level 1 of the Elven Halls
 28540 | Elf:1    | Reached skill level 18 in Fighting
 28827 | Elf:1    | Reached XP level 17. HP: 114/120 MP: 24/24
 29212 | Elf:1    | Identified the +3 shortbow of Disarray {flame, rPois rF-
                  | Dex+4} (Okawaru gifted it to you on level 1 of the Elven
                  | Halls)
 29212 | Elf:1    | Received a gift from Okawaru
 29699 | Elf:2    | Found an ancient bone altar of Kikubaaqudgha.
 30023 | Elf:2    | Found a runed translucent gate.
 30024 | Elf:2    | Found a runed translucent gate.
 30024 | Elf:2    | Found a runed translucent gate.
 30044 | Elf:2    | Found Vaitek's Antique Weapon Boutique.
 30064 | Elf:2    | Reached skill level 19 in Fighting
 30146 | Elf:2    | Noticed Nikola
 30168 | Elf:2    | Killed Nikola
 30563 | Elf:2    | Received a gift from Okawaru
 31286 | Elf:3    | Entered Level 3 of the Elven Halls
 31297 | Elf:3    | Noticed a deep elf blademaster
 31297 | Elf:3    | Noticed a deep elf blademaster
 31313 | Elf:3    | Noticed DocClef's ghost (adept DrFi)
 31319 | Elf:3    | Found a transporter.
 31323 | Elf:3    | Noticed a deep elf blademaster
 31325 | Elf:3    | Noticed a deep elf blademaster
 31334 | Elf:3    | Found a transporter.
 31339 | Elf:3    | Found a bloodstained altar of Trog.
 31374 | Elf:3    | Received a gift from Okawaru
 31540 | Elf:3    | Reached skill level 10 in Invocations
 31569 | Elf:3    | Reached XP level 18. HP: 129/129 MP: 26/26
 32058 | Elf:3    | Found Jiuxe's Book Boutique.
 32059 | Elf:3    | Found Kixtugy's Jewellery Emporium.
 32060 | Elf:3    | Found Unkiunat's Book Boutique.
 32143 | Elf:3    | Killed from afar by a deep elf annihilator

Illustrated notes

Levels and vault maps discovered:
D:1:      dpeg_arrival_round_b, layout_loops_corners,
          hellmonk_ecumenical_altar_arch_garden, dreamdust_mushroom_princess
D:2:      layout_basic
D:3:      layout_rooms, st_stairs_3
D:4:      layout_cave_pods, minivault_4
D:5:      layout_basic, serial_shops, shop, portal_sewer_entry_a, uniq_sigmund
D:6:      layout_basic, minmay_temple_entry_stoned_glass, serial_shops,
          kennysheep_mini, grunt_ministairs_15, hangedman_decor_points
D:7:      layout_loops_ring
D:8:      argonaut_augean_stables, layout_loops_ring,
          fedhas_bush_and_centaur_altar, enter_bailey_3
D:9:      layout_big_octagon, serial_park, serial_park_gazebo
          [serial_park_minivault_5x5_2], serial_park_square3
          [serial_park_minivault_5x5_3], serial_park_tiny_2, serial_park_tiny_1,
          serial_park_paths [serial_park_minivault_5x5_6]
D:10:     layout_rooms
D:11:     lemuel_ice_statue, layout_basic, erik_lair_orcish_takeover,
          david_orc_5
D:12:     minmay_recursive_quarters, layout_loops_cross, serial_demonic,
          serial_demonic_c, serial_demonic_g, serial_demonic_b,
          serial_demonic_c, serial_demonic_b, serial_demonic_b, uniq_nergalle
D:13:     layout_loops_ring, david_vaults_1, nicolae_benzene_ring,
          hangedman_ru_absence
D:14:     kennysheep_water_balloons, layout_loops_ring, corexii_hall_statues_x,
          uniq_jorgrun, uniq_rupert
D:15:     grunt_enter_depths_hoard, layout_basic, yredelemnul_altar_generic
Temple:   mainiacjoe_temple_archimedes_tessellation
Lair:1:   layout_gridlike, disabler_island, grunt_megastairs_5
Lair:2:   layout_big_grid, minivault_26, chequers_serial_rivers_large_b
Lair:3:   layout_gridlike, spider_nest_entry_web_field,
          nicolae_volcano_entry_hallway, beast_lair_carwin_10,
          infiniplex_staircase_pool
Lair:4:   layout_concentric_octagons, nicolae_swamp_entry_splash_gauntlet,
          portal_ice_cave_entry_animals_and_master,
          chequers_serial_rivers_micro_d, roderic_batcave, st_stairs_13
Lair:5:   layout_regular_city, minmay_slime_entry_oklob_open,
          nzn_masters_of_martial_movement
Lair:6:   minmay_lair_end_enchanted_forest, layout_gridlike, serial_rivers,
          chequers_serial_rivers_micro_a, chequers_serial_rivers_room_b,
          chequers_serial_rivers_large_a, chequers_serial_rivers_room_b,
          serial_bayou_shore_b, infiniplex_staircase_pool_2
Spider:1: layout_spider_delve
Orc:1:    layout_caves, abandoned_shop
Orc:2:    st_orc_town, layout_diamond_mine, serial_shops, nicolae_shop_crystal
Elf:1:    eino_elf_arrival_the_gate, layout_geoelf_octagon,
          hangedman_elf_disciples
Elf:2:    nicolae_elf_blades_crystal_corner, layout_loops_corners, basic_altar,
          serial_shops, shop_statue, nrook_uturn, st_stairs_3, billiards_dpeg,
          uniq_nikola
Elf:3:    elf_hall_gauntlet_wide, layout_gridlike,
          gammafunk_ghost_wrathful_warriors, minivault_4, minmay_shop_grove

Skill      XL: |  1  2  3  4  5  6  7  8  9 10 11 12 13 14 15 16 17 |
---------------+----------------------------------------------------+-----
Fighting       | 4 6 7 9 10 12 13 14 15 17 18 19 | 19.8
Long Blades    | 5 8 10 12 14 | 14.0
Dodging        | 5 9 10 13 15 17 18 | 18.1
Invocations    | 4 7 8 10 | 10.2
Armour         | 4 10 | 10.2
Shields        | 6 |  6.8

Action                   |  1- 3 |  4- 6 |  7- 9 | 10-12 | 13-15 | 16-18 || total
-------------------------+-------+-------+-------+-------+-------+-------++-------
Melee: Long sword        |    81 |    87 |   294 |   262 |       |       ||   724
       Kick              |    21 |    17 |    85 |   250 |   480 |   369 ||  1222
       Peck              |    15 |     9 |    48 |   145 |   313 |   237 ||   767
       Scimitar          |       |       |       |   379 |  1112 |   974 ||  2465
Throw: Throwing net      |       |     1 |       |       |       |       ||     1
       Dart              |       |       |       |       |     4 |       ||     4
Invok: Heroism           |       |       |     2 |     8 |     8 |     9 ||    27
       Finesse           |       |       |       |     1 |     3 |     2 ||     6
  Use: Potion            |     1 |       |     1 |     3 |     4 |     1 ||    10
       Scroll            |       |    11 |     5 |     4 |    10 |       ||    30
 Stab: Held in net/web   |       |     1 |       |       |       |       ||     1
       Distracted        |       |       |       |       |     1 |     2 ||     3
Armor: Scale mail        |    30 |    58 |       |       |       |       ||    88
       Troll leather arm |       |       |    80 |    89 |     7 |   142 ||   318
       Plate armour      |       |       |       |    12 |    92 |       ||   104
       Ice dragon scales |       |       |       |       |     9 |       ||     9
       Animal skin       |       |       |       |       |    62 |       ||    62
Dodge: Dodged            |    27 |    55 |   181 |   438 |   727 |  1100 ||  2528
Block: Buckler           |    19 |    25 |    69 |   149 |   254 |   369 ||   885

Table legend: (Time is in decaauts)
 A = Elapsed time spent in this place.
 B = Non-inter-level travel time spent in this place.
 C = Inter-level travel time spent in this place.
 D = Time resting spent in this place.
 E = Time spent auto-exploring this place.
 F = Levels seen in this place.
 G = Mean time per level.
                   A        B        C        D        E       F      G
               +--------+--------+--------+--------+--------+-----+--------+
         Total |  29927 |  28567 |   1360 |   3502 |  18457 |  32 |  935.2 |
       Dungeon |  15597 |  14900 |    697 |   1642 |  10137 |  15 | 1039.8 |
        Temple |    314 |    272 |     42 |     79 |    167 |   1 |  314.0 |
          Lair |   7661 |   7272 |    389 |   1428 |   4338 |   6 | 1276.8 |
   Spider Nest |      1 |      1 |      0 |      0 |      0 |   1 |    1.0 |
  Orcish Mines |   1366 |   1292 |     74 |     58 |    797 |   2 |  683.0 |
   Elven Halls |   3415 |   3259 |    156 |     17 |   2361 |   3 | 1138.3 |
         Sewer |    291 |    291 |      0 |      0 |    192 |   1 |  291.0 |
        Bailey |    326 |    326 |      0 |     50 |    111 |   1 |  326.0 |
      Ice Cave |    770 |    770 |      0 |    227 |    353 |   1 |  770.0 |
       Volcano |    181 |    181 |      0 |      0 |      0 |   1 |  181.0 |
               +--------+--------+--------+--------+--------+-----+--------+

Top non-repeatable levels by time:
  Lair:5: 2152 daAuts
  Lair:6: 2047 daAuts
     D:8: 1880 daAuts
   Elf:2: 1682 daAuts
     D:1: 1368 daAuts
    D:12: 1357 daAuts
    D:14: 1306 daAuts
     D:5: 1218 daAuts
     D:2: 1147 daAuts
  Lair:4: 1079 daAuts
   Elf:1: 1025 daAuts
     D:6: 976 daAuts
  Lair:1: 937 daAuts
    D:13: 916 daAuts
   Orc:2: 840 daAuts
